AoeStats
← Redhead

Oasis

509693197Analyzed
3v3 RM · 4d ago on Sep 27, 2026· 22m 17s· 6 players
Game mode
Random Map
Map size
Normal (6 player)
Population
200
Speed
Normal
Resources
Standard
Victory
Conquest
Starting age
Dark Age
Ending age
Imperial Age
RankedLock teamsTeams togetherTeam positionsShared explorationLock speedFull tech treeHidden civsTurbo modeCheats
Victory
Defeat
🇩🇪 Ethiopians · Germany
1356
+8
🇩🇪 Saxons · Germany
1231
+13
🇩🇪 Japanese · Germany
996
+38
🇳🇱 Lithuanians · Netherlands
1167
-15
🇳🇱 Ethiopians · Netherlands
1155
-14
🇳🇱 Magyars · Netherlands
1147
-14
Victor
7:56 Loom
10:21 Feudal Age
20:59 Double-Bit Axe
23:48 Castle Age
Redhead
7:35 Loom
10:04 Feudal Age
11:31 Double-Bit Axe
18:00 Castle Age
16:35 Scale Barding Armor
17:04 Forging
16:53 Horse Collar
18:54 Husbandry
20:20 Town Watch
21:11 Wheelbarrow
Kees Harakir!
10:11 Feudal Age
9:51 Loom
18:47 Fletching
18:58 Padded Archer Armor
20:55 Double-Bit Axe
Wanderhure
11:55 Feudal Age
15:55 Castle Age
15:32 Loom
16:08 Double-Bit Axe
20:05 Wheelbarrow
19:16 Horse Collar
21:00 Bow Saw
22:45 Fletching
Sahiro
7:51 Loom
9:51 Feudal Age
11:22 Double-Bit Axe
11:19 Horse Collar
16:06 Fletching
17:28 Padded Archer Armor
21:08 Castle Age
21:11 Crossbowman
21:50 Bodkin Arrow
Marayakan
7:37 Loom
7:45 Loom
9:31 Feudal Age
10:38 Man-at-Arms
Connection lost

Rejoining the realm…

Still unreachable

The connection could not be restored.

Session expired

The server has moved on; the page needs a fresh start.